 Dungeon Crawl Stone Soup version 0.31-a0-1005-gfbdfbacc72 (webtiles) character file.

Game seed: 14776426134902704181

16911 Armakuni the Prestidigitator (level 12, -12/86 HPs)
             Began as a Human Fighter on Nov 11, 2023.
             Was a Priest of Elyvilon.
             Mangled by a komodo dragon (26 damage)
             ... on level 3 of the Lair of Beasts.
             The game lasted 00:38:47 (15175 turns).

Armakuni the Prestidigitator (Human Fighter)       Turns: 15175, Time: 00:38:48

Health: -12/86     AC:  6    Str: 16    XL:     12   Next: 76%
Magic:  5/19       EV: 12    Int: 17    God:    Elyvilon [***...]
Gold:   348        SH:  5    Dex: 13    Spells: 6/19 levels left

rFire   . . .        a - +3 mace of Moral Flaws {flame, *Rage rElec Int+3}
rCold   + . .        c - +0 buckler
rNeg    . . .        t - +2 robe {rC+}
rPois   .            B - +0 helmet
rElec   +            F - +0 cloak
rCorr   .            (no gloves)
SInv    .            (no boots)
Will    +....        U - amulet of faith
Stlth   +            M - ring of willpower
HPRegen 0.34/turn    W - ring of wizardry
MPRegen 0.16/turn

%: random rage (20%), faith, wizardry (x1)
@: no status effects
A: no striking features
a: Renounce Religion, Purification, Heal Other, Heal Self


You were on level 3 of the Lair of Beasts.
You worshipped Elyvilon.
Elyvilon was most pleased with you.
You visited 3 branches of the dungeon, and saw 13 of its levels.
You also visited: Sewer.

You collected 840 gold pieces.
You spent 492 gold pieces at shops.

Inventory:

Hand Weapons
 a - the +3 mace of Moral Flaws (weapon) {flame, *Rage rElec Int+3}
   (You found it on level 8 of the Dungeon)

   Int+3:     It affects your intelligence (+3).
   rElec:     It insulates you from electricity.
   *Rage:     It berserks you when you make melee attacks (+20% chance).
Missiles
 p - 3 curare-tipped darts
 D - 10 throwing nets
Armour
 c - a +0 buckler (worn)
 t - a +2 robe of cold resistance (worn)
 u - a +2 kite shield
 B - a +0 helmet (worn)
 F - a +0 cloak (worn)
Magical Staves
 b - a staff of poison
Jewellery
 H - an amulet of reflection
 M - a ring of willpower (left hand)
 U - an amulet of faith (around neck)
 W - a ring of wizardry (right hand)
Talismans
 z - a maw talisman
Wands
 k - a wand of digging (9)
 m - a wand of polymorph (4)
 v - a wand of flame (8) (quivered)
Scrolls
 d - 2 scrolls of fear
 i - 2 scrolls of amnesia
 n - 4 scrolls of fog
 o - a scroll of identify
 r - a scroll of enchant armour
 A - 4 scrolls of enchant weapon
 C - 2 scrolls of teleportation
 I - 2 scrolls of vulnerability
 K - a scroll of immolation
 P - 2 scrolls of poison
Potions
 e - 2 potions of haste
 f - 3 potions of curing
 g - 3 potions of brilliance
 h - 2 potions of invisibility
 j - a potion of ambrosia {unknown}
 q - a potion of magic {unknown}
 s - 3 potions of mutation
 w - a potion of cancellation {unknown}
 x - 2 potions of lignification {unknown}
 y - a potion of resistance {unknown}
 E - a potion of berserk rage {unknown}
 J - 2 potions of might


   Skills:
 - Level 5.0 Fighting
 - Level 5.0 Maces & Flails
 - Level 3.0 Armour
 - Level 3.0 Dodging
 - Level 4.0 Shields
 - Level 4.0 Spellcasting
 + Level 9.8 Conjurations
 - Level 5.0 Translocations
 - Level 5.0 Air Magic
 + Level 9.9 Invocations
 - Level 10.0 Evocations


You had 6 spell levels left.
You knew the following spells:

 Your Spells              Type           Power      Damage    Failure   Level
j - Arcjolt               Conj/Air       14%        1d24      11%         5
m - Iskenderun's Mystic   Conj/Tloc      28%        2d7       4%          4
v - Vhi's Electric Charg  Tloc/Air       40%        N/A       11%         4

Your spell library contained the following spells:

 Spells                   Type           Power      Damage    Failure   Level
 Poisonous Vapours        Pois/Air       22%        N/A       4%          2
 Sting                    Tmut/Pois      12%        1d3       9%          1
 Tukima's Dance           Hex            3%         N/A       24%         3
 Dimensional Bullseye     Hex/Tloc       5%         N/A       26%         4
 Olgreb's Toxic Radiance  Pois           3%         N/A       58%         4
 Maxwell's Capacitive Co  Air            10%        ∞         100%        8


Dungeon Overview and Level Annotations

Branches:
Dungeon (9/15)             Temple (1/1) D:7            Lair (3/5) D:9
    Orc (0/2) D:9           Sewer (visited)
  Swamp: Lair:2-3    Shoals: Lair:2-3     Snake: Lair:2-3    Spider: Lair:2-3

Altars:
Ashenzari
Cheibriados
Elyvilon
Fedhas
Gozag
Hepliaklqana
Kikubaaqudgha
Makhleb
Nemelex Xobeh
Okawaru
Qazlal
Ru
Sif Muna
Trog
Uskayaw
Vehumet
Wu Jian
Xom
Yredelemnul
Zin
The Shining One

Shops:
D:3 =   D:9 *

Annotations:
Lair:2 3 runed translucent doors, Xoff's ghost, journeyman GnCj


Message History

A komodo dragon comes into view.
The komodo dragon hisses angrily.
Okay, then.
Casting: Arcjolt (dangerous; 11% risk of failure)
Confirm with . or Enter, or press ? or * to list all spells.
Electricity surges outward!
The komodo dragon is struck by an electric surge!!
The komodo dragon is heavily wounded.
Casting: Arcjolt (dangerous; 11% risk of failure)
Confirm with . or Enter, or press ? or * to list all spells.
Electricity surges outward!
The komodo dragon is struck by an electric surge.
The komodo dragon is heavily wounded.
The komodo dragon bites you!
Casting: Arcjolt (dangerous; 11% risk of failure)
Confirm with . or Enter, or press ? or * to list all spells.
Electricity surges outward!
The komodo dragon is struck by an electric surge!
The komodo dragon is almost dead.
The komodo dragon bites you!
Casting: Arcjolt (dangerous; 11% risk of failure)
Confirm with . or Enter, or press ? or * to list all spells.
You don't have enough magic to cast this spell.
You barely miss the komodo dragon.
The komodo dragon is severely wounded.
The komodo dragon barely misses you. The komodo dragon bites you!!
You hit the komodo dragon but do no damage.
The komodo dragon is severely wounded.
The komodo dragon bites you!!
* * * LOW HITPOINT WARNING * * *
You hit the komodo dragon. You burn the komodo dragon.
The komodo dragon is almost dead.
The komodo dragon bites you but does no damage.
You hit the komodo dragon but do no damage.
The komodo dragon is almost dead.
You block the komodo dragon's attack.
You hit the komodo dragon. You burn the komodo dragon.
The komodo dragon is almost dead.
The komodo dragon bites you!!
You die...

####...## ###l......
.##....#### ##......
>.........#####.PP###
.....)........#####
...............# .
......#.##.....## # ...
.....###..#.....##.#....
##..## ####......#....#
#...# ##.....@l...#
#..## #.#.........# ...#
####...##...# .###
##..## ##...# #...# ..#
##...# .. ####....# .
#......## ##....##


You could see a komodo dragon.

Vanquished Creatures
  Pikel (D:5)
  An oklob plant (Lair:2)
  4 elephants (Lair:2)
  5 cane toads
  A black mamba (Lair:1)
  A kobold demonologist (D:9)
  6 komodo dragons
  A hornet (D:8)
  4 blink frogs (Lair:2)
  27 yaks
  A wyvern (D:8)
  A basilisk (Lair:2)
  A steam dragon (D:9)
  Grum (D:8)
  7 water moccasins
  A sky beast (D:7)
  2 black bears (D:9)
  4 orc warriors
  3 centaurs (D:9)
  11 wolves
  2 phantoms
  Blork the orc (D:4)
  10 bullfrogs
  2 scorpions
  3 gnoll sergeants (D:9)
  5 wights
  8 howler monkeys
  4 gnoll boudas
  6 hounds (D:9)
  A jelly (D:6)
  5 orc priests
  A sleepcap (D:6)
  Terence (D:2)
  2 iguanas
  6 orc wizards
  5 hell rats
  A mummy (D:7)
  22 gnolls
  4 adders
  A river rat (Sewer)
  4 ufetubi
  5 worms
  39 orcs
  9 ball pythons
  6 bats
  7 endoplasms
  10 giant cockroaches
  10 goblins
  5 hobgoblins
  10 jackals
  6 quokkas
  9 frilled lizards
  11 kobolds
  14 rats
318 creatures vanquished.

Notes
Turn   | Place    | Note
-------+----------+-------------------------------------------
     0 | D:1      | Armakuni the Human Fighter began the quest for the Orb.
     0 | D:1      | Reached XP level 1. HP: 18/18 MP: 1/1
    57 | D:1      | Reached XP level 2. HP: 17/24 MP: 2/2
   237 | D:1      | You fall into a shaft and drop 1 floor!
   238 | D:2      | Found a sacrificial altar of Ru.
   293 | D:1      | Reached XP level 3. HP: 29/29 MP: 3/3
  1040 | D:2      | Noticed Terence
  1064 | D:2      | Reached XP level 4. HP: 35/35 MP: 4/4
  1074 | D:2      | Killed Terence
  1270 | D:2      | Found a faded altar of an unknown god.
  1497 | D:3      | Reached XP level 5. HP: 39/41 MP: 5/5
  1515 | D:3      | Found Pouj's Jewellery Boutique.
  2101 | D:4      | Noticed Blork the orc
  2111 | D:4      | Reached skill level 5 in Maces & Flails
  2118 | D:4      | Reached skill level 1 in Evocations
  2256 | D:4      | Killed Blork the orc
  2257 | D:4      | Reached skill level 2 in Evocations
  2257 | D:4      | Reached XP level 6. HP: 24/47 MP: 6/6
  2668 | D:4      | Reached skill level 3 in Evocations
  3022 | D:5      | Entered Level 5 of the Dungeon
  3091 | D:4      | Reached skill level 4 in Evocations
  3253 | D:5      | Reached XP level 7. HP: 24/52 MP: 7/7
  3366 | D:5      | Learned a level 4 spell: Iskenderun's Mystic Blast
  3635 | D:5      | Found a bloodstained altar of Trog.
  3648 | D:5      | Reached skill level 5 in Evocations
  3865 | D:5      | Noticed Pikel
  3928 | D:5      | Killed Pikel
  3929 | D:5      | Reached skill level 7 in Evocations
  3929 | D:5      | Reached XP level 8. HP: 58/58 MP: 8/8
  3990 | D:5      | Reached skill level 8 in Evocations
  4058 | D:4      | Found a glowing golden altar of the Shining One.
  4060 | D:4      | Noticed an angel
  4069 | D:4      | Found a basalt altar of Yredelemnul.
  4071 | D:4      | Noticed a profane servitor
  4446 | D:6      | Found a glowing drain.
  4471 | Sewer    | Entered a sewer
  5057 | D:6      | Reached skill level 9 in Evocations
  5057 | D:6      | Reached XP level 9. HP: 63/63 MP: 9/9
  5521 | D:7      | Found a staircase to the Ecumenical Temple.
  5620 | Temple   | Entered the Ecumenical Temple
  5629 | Temple   | Became a worshipper of Elyvilon the Healer
  5727 | D:7      | Reached skill level 10 in Evocations
  5727 | D:7      | Reached skill level 1 in Conjurations
  5896 | D:7      | Found a snail-covered altar of Cheibriados.
  6003 | D:7      | Reached skill level 1 in Translocations
  6108 | D:7      | Reached * piety under Elyvilon
  6343 | D:7      | Found a shimmering altar of Xom.
  6399 | D:8      | Reached skill level 1 in Invocations
  6457 | D:8      | Found an ornate altar of the Wu Jian Council.
  6814 | D:8      | Reached ** piety under Elyvilon
  6837 | D:8      | Identified the +3 mace of Moral Flaws {flame, *Rage rElec
                  | Int+3}
  6876 | D:8      | Noticed a hornet
  6885 | D:8      | Killed a hornet
  7122 | D:8      | Reached XP level 10. HP: 61/70 MP: 13/13
  7342 | D:8      | Reached skill level 5 in Invocations
  7573 | D:3      | Bought a ring of wizardry for 420 gold pieces
  7584 | D:3      | Learned a level 5 spell: Arcjolt
  7866 | D:9      | Reached skill level 1 in Air Magic
  7917 | D:9      | Noticed a komodo dragon
  7925 | D:9      | Killed a komodo dragon
  8072 | D:9      | Reached skill level 5 in Conjurations
  8083 | D:9      | Noticed a komodo dragon
  8093 | D:9      | Killed a komodo dragon
  8270 | D:9      | Reached skill level 5 in Translocations
  8322 | D:9      | Found Olias's Assorted Antiques.
  8343 | D:9      | Bought a scroll labelled ICKARE GYETZ for 26 gold pieces
  8343 | D:9      | Bought a bubbling red potion for 23 gold pieces
  8343 | D:9      | Bought a gluggy blue potion for 23 gold pieces
  8610 | D:8      | Reached skill level 1 in Spellcasting
  8665 | D:9      | Noticed a kobold demonologist
  8673 | D:9      | Killed a kobold demonologist
  8765 | D:9      | Found a staircase to the Lair.
  8862 | D:9      | Noticed Grum
  8890 | D:8      | Killed Grum
  9175 | D:9      | Reached XP level 11. HP: 38/75 MP: 15/17
  9373 | D:9      | Reached skill level 1 in Dodging
  9683 | D:9      | Learned a level 4 spell: Vhi's Electric Charge
  9756 | D:9      | Found a radiant altar of Vehumet.
  9804 | D:9      | Found a staircase to the Orcish Mines.
 10370 | Lair:1   | Entered Level 1 of the Lair of Beasts
 10699 | Lair:1   | Reached skill level 5 in Fighting
 10705 | Lair:1   | Reached skill level 5 in Air Magic
 11855 | Lair:1   | Reached *** piety under Elyvilon
 11885 | Lair:1   | Reached XP level 12. HP: 86/86 MP: 18/18
 14540 | Lair:2   | Found a runed translucent gate.
 14540 | Lair:2   | Found a runed translucent gate.
 14540 | Lair:2   | Found a runed translucent gate.
 14540 | Lair:2   | Noticed Xoff's ghost (journeyman GnCj)
 14876 | Lair:3   | HP: 5/129 [yak (10)]
 14879 | Lair:3   | Elyvilon protects you from harm!
 15175 | Lair:3   | Mangled by a komodo dragon

Illustrated notes

Levels and vault maps discovered:
D:1:      saegor_arrival_simple_d, layout_rooms
D:2:      layout_basic, dreamdust_ecumenical_altar_grove, basic_altar,
          minmay_circle_x, uniq_terence
D:3:      layout_basic, serial_shops, nicolae_square_shop, st_stairs_2,
          grunt_ministairs_11
D:4:      kennysheep_spiral_hall, layout_loops_cross,
          grunt_temple_overflow_holy_war, minmay_fractal_squares_gapless_5,
          uniq_blork_the_orc
D:5:      layout_loops_cross, overflow_temple_1_default, uniq_pikel
D:6:      layout_basic, gup_sewer_entry_glass
D:7:      layout_rooms, kennysheep_mini, slow_altar_1,
          minmay_temple_entry_statues_pillars, hangedman_decor_slide_cut
D:8:      layout_loops_corners, pdpol_wu_jian_five_deadly_venoms, serial_glass,
          glass_columns_b, glass_columns_a, glass_columns_b, glass_columns_c
D:9:      layout_cross, mainiacjoe_overflow_six_doors_small,
          grunt_lair_entry_orc_guard_hut, erik_orc_1, serial_gnoll_camp,
          gnoll_camp_mini_hut, grums_kennel, gnoll_camp_mini_shop,
          gnoll_camp_medium_02, gnoll_camp_huts_basic, kennysheep_generic_room_4
Temple:   eino_temple_lava
Lair:1:   layout_roguey
Lair:2:   layout_chaotic_city, ebering_ghost_rock_garden, st_stairs_9,
          serial_bayou_pond_c
Lair:3:   layout_layer_cave, swamp_mist, guppyfry_snake_entry_island

Skill      XL: |  1  2  3  4  5  6  7  8  9 10 11 12 |
---------------+-------------------------------------+-----
Maces & Flails | 3 4 5 |  5.0
Evocations     | 2 4 7 9 10 | 10.0
Conjurations   | 3 5 7 9 |  9.8
Translocations | 3 5 |  5.0
Invocations    | 4 5 7 9 |  9.9
Air Magic      | 3 5 |  5.0
Spellcasting   | 4 |  4.0
Dodging        | 3 |  3.0
Shields        | 4 |  4.0
Fighting       | 5 |  5.0
Armour         | |  3.0

Action                     |  1- 3 |  4- 6 |  7- 9 | 10-12 || total
---------------------------+-------+-------+-------+-------++-------
  Melee: Flail             |    99 |    10 |       |       ||   109
         Mace              |       |   200 |   213 |   573 ||   986
   Cast: Iskenderun's Myst |       |       |       |    17 ||    17
         Arcjolt           |       |       |       |    13 ||    13
 Invoke: Purification      |       |       |       |    17 ||    17
         Heal Other        |       |       |       |     2 ||     2
         Heal Self         |       |       |       |     2 ||     2
  Evoke: Wand              |       |    12 |    30 |    63 ||   105
    Use: Scroll            |     4 |     3 |     8 |     6 ||    21
         Potion            |     1 |     2 |       |     2 ||     5
   Stab: Paralysed         |       |     7 |    46 |    20 ||    73
         Invisible         |       |       |       |     8 ||     8
         Sleeping          |       |       |       |     3 ||     3
 Armour: Scale mail        |    40 |       |       |       ||    40
         Ring mail         |    26 |   134 |    16 |       ||   176
         Robe              |       |       |   124 |   393 ||   517
  Dodge: Dodged            |    46 |    84 |    97 |   303 ||   530
  Block: Buckler           |    45 |   149 |   121 |   171 ||   486
         Reflection        |       |     6 |       |     3 ||     9

Table legend: (Time is in decaauts)
 A = Elapsed time spent in this place.
 B = Non-inter-level travel time spent in this place.
 C = Inter-level travel time spent in this place.
 D = Time resting spent in this place.
 E = Time spent auto-exploring this place.
 F = Levels seen in this place.
 G = Mean time per level.
                   A        B        C        D        E       F      G
               +--------+--------+--------+--------+--------+-----+--------+
         Total |  15906 |  15182 |    724 |   4468 |   6727 |  14 | 1136.1 |
       Dungeon |  10867 |  10224 |    643 |   1907 |   5245 |   9 | 1207.4 |
        Temple |     18 |     10 |      8 |      0 |      0 |   1 |   18.0 |
          Lair |   4870 |   4797 |     73 |   2560 |   1409 |   3 | 1623.3 |
         Sewer |    149 |    149 |      0 |      0 |     72 |   1 |  149.0 |
               +--------+--------+--------+--------+--------+-----+--------+

Top non-repeatable levels by time:
  Lair:1: 2679 daAuts
     D:9: 2417 daAuts
  Lair:2: 2005 daAuts
     D:4: 1623 daAuts
     D:8: 1522 daAuts
     D:6: 1198 daAuts
     D:5: 1082 daAuts
     D:2: 868 daAuts
     D:7: 792 daAuts
     D:3: 784 daAuts
     D:1: 578 daAuts
  Lair:3: 186 daAuts
   Sewer: 149 daAuts
  Temple: 18 daAuts
